 Dungeon Crawl Stone Soup version 0.20.1-1-g8b1a95d (webtiles) character file.

235 polve the Conjurer (level 5, 0/38 HPs)
             Began as a Draconian Conjurer on July 8, 2017.
             Slain by a worker ant (4 damage)
             ... on level 4 of the Dungeon.
             The game lasted 00:03:25 (4018 turns).

polve the Conjurer (Draconian Conjurer)             Turns: 4018, Time: 00:03:25

Health: 0/38       AC:  5    Str: 10    XL:     5   Next: 76%
Magic:  1/8        EV: 12    Int: 22    God:
Gold:   120        SH:  0    Dex: 11    Spells: 5/8 levels left

rFire    . . .     SeeInvis .   c - +0 spear
rCold    . . .     Gourm    .   (no shield)
rNeg     . . .     Faith    .   (armour unavailable)
rPois    .         Spirit   .   (helmet restricted)
rElec    .         Reflect  .   (no cloak)
rCorr    .         Harm     .   (no gloves)
MR       .....                  (no boots)
Stlth    ++........             (no amulet)
Regen    0.2/turn               (no ring)
MPRegen  0.2/turn               (no ring)

@: brilliant, lethally poisoned (0 -> -5), very slightly contaminated
A: unfitting armour, cold-blooded, AC +5
a: no special abilities


You were on level 4 of the Dungeon.
You were very hungry.

You visited 2 branches of the dungeon, and saw 6 of its levels.

You collected 120 gold pieces.

Inventory:

Hand Weapons
 c - a +0 spear (weapon)
Jewellery
 i - an uncursed ring of wizardry {unknown}
 n - an uncursed ring of magical power {unknown}
Scrolls
 d - 2 scrolls of enchant armour {unknown}
 e - 2 scrolls of identify {unknown}
 f - a scroll of blinking {unknown}
 h - 2 scrolls of remove curse {unknown}
 l - a scroll of amnesia {unknown}
 p - 2 scrolls of enchant weapon {unknown}
 s - a scroll of fog {unknown}
 t - a scroll of magic mapping {unknown}
Potions
 g - a potion of curing {unknown}
 j - a potion of brilliance
 k - 2 potions of might {unknown}
 m - 2 potions of cancellation {unknown}
 r - a potion of degeneration {unknown}
Books
 a - a book of Conjurations

   Spells                             Type                      Level
   a - Magic Dart                     Conjuration                  1
   b - Searing Ray                    Conjuration                  2
   c - Dazzling Spray                 Conjuration/Hexes            3
   d - Fulminant Prism                Conjuration/Hexes            4
   e - Force Lance                    Conjuration/Translocation    4
   f - Iskenderun's Mystic Blast      Conjuration                  4
Comestibles
 b - 3 bread rations
 o - 5 fruits


   Skills:
 - Level 1.7 Dodging
 - Level 1.7 Stealth
 - Level 2.0 Spellcasting
 + Level 7.1 Conjurations


You had 5 spell levels left.
You knew the following spells:

 Your Spells              Type           Power        Failure   Level  Hunger
a - Magic Dart            Conj           ####         1%          1    #......
b - Searing Ray           Conj           #####.       1%          2    ##.....


Dungeon Overview and Level Annotations

Branches:
Dungeon (5/15)             Temple (1/1) D:4

Altars:
Elyvilon
Fedhas
Gozag
Okawaru
Trog
Uskayaw
Vehumet
Zin
The Shining One


Innate Abilities, Weirdness & Mutations

Your plain brown scales are hard. (AC +5)
You cannot fit into any form of body armour.
You are cold-blooded and may be slowed by cold attacks.


Message History

Confirm with . or Enter, or press ? or * to list all spells.
Aiming: Magic Dart
Press: ? - help, Shift-Dir - straight line, f/p - worker ant
Aim: a worker ant (moderately wounded)
The magic dart hits the worker ant.
The worker ant is moderately wounded.
You feel sick. The worker ant barely misses you.
Casting: Magic Dart
Confirm with . or Enter, or press ? or * to list all spells.
Aiming: Magic Dart
Press: ? - help, Shift-Dir - straight line, f/p - worker ant
Aim: a worker ant (moderately wounded)
The magic dart hits the worker ant.
The worker ant is severely wounded.
You feel sick. The worker ant bites you.
* * * LOW HITPOINT WARNING * * *
It was a potion of brilliance.
You feel clever all of a sudden. The worker ant bites you.
You die...

...... #.# #. ...... #.# #.
....[. #.# #. .... #.#
##########. ..######'####
#.......... ..##........#######
#.#.8.##### ..##...............
#......#
####.......รท###########.8.>.8#
...............a@............#
####........#############.8.##
#........# ##### ##########


You could see a worker ant.

Vanquished Creatures
  An orc priest (D:4)
  2 orc wizards (D:4)
  5 adders (D:2)
  An ooze (D:2)
  A worm (D:2)
  2 dart slugs (D:1)
  3 leopard geckos
  5 orcs
  6 giant cockroaches
  7 goblins
  14 hobgoblins
  11 jackals
  5 bats
  2 frilled lizards
  6 kobolds
  11 rats
82 creatures vanquished.

Notes
Turn   | Place    | Note
-------+----------+-------------------------------------------
     0 | D:1      | polve the Draconian Conjurer began the quest for the Orb.
     0 | D:1      | Reached XP level 1. HP: 14/14 MP: 3/3
   436 | D:1      | Reached XP level 2. HP: 20/20 MP: 0/5
   446 | D:1      | Learned a level 2 spell: Searing Ray
   973 | D:1      | Reached skill level 5 in Conjurations
   973 | D:1      | Reached XP level 3. HP: 26/26 MP: 1/6
  2202 | D:2      | Reached XP level 4. HP: 19/33 MP: 1/7
  2402 | D:2      | Reached skill level 6 in Conjurations
  3221 | D:3      | You fall through a shaft for 2 floors!
  3221 | D:5      | Entered Level 5 of the Dungeon
  3258 | D:5      | Noticed a two-headed ogre
  3302 | D:4      | Reached XP level 5. HP: 38/38 MP: 2/8
  3514 | D:4      | Reached skill level 7 in Conjurations
  3614 | D:4      | Found a staircase to the Ecumenical Temple.
  3658 | Temple   | Entered the Ecumenical Temple
  4018 | D:4      | Slain by a worker ant

Skill      XL: |  1  2  3  4  5 |
---------------+----------------+-----
Conjurations   | 5 6 7 |  7.1
Dodging        | |  1.7
Stealth        | |  1.7
Spellcasting   | |  2.0

Action                   |  1- 3 |  4- 6 || total
-------------------------+-------+-------++-------
Melee: Spear             |    51 |   127 ||   178
       Tailslap          |     2 |    11 ||    13
 Cast: Magic Dart        |    81 |    59 ||   140
  Use: Potion            |       |     1 ||     1
  Eat: Chunk             |     4 |     7 ||    11
Armor: Skin              |    10 |    48 ||    58
Dodge: Dodged            |    43 |   113 ||   156
